 Dungeon Crawl Stone Soup version 0.31-a0-963-ga325b2283a (webtiles) character file.

Game seed: 10405236705597264848

203 bjtr the Sneak (level 5, -8/25 HPs)
             Began as a Vine Stalker Enchanter on Oct 26, 2023.
             Mangled by an iguana (12 damage)
             ... on level 4 of the Dungeon.
             The game lasted 00:10:49 (2946 turns).

bjtr the Sneak (Vine Stalker Enchanter)             Turns: 2946, Time: 00:10:50

Health: -8/25      AC:  4    Str: 10    XL:     5   Next: 81%
Magic:  0/19       EV: 11    Int: 17    God:
Gold:   208        SH:  4    Dex: 15    Spells: 3/9 levels left

rFire   . . .        a - +1 dagger
rCold   . . .        s - +0 buckler
rNeg    . . .        k - +0 leather armour
rPois   .            (no helmet)
rElec   .            e - +0 cloak
rCorr   .            (no gloves)
SInv    .            (no boots)
Will    .....        (no amulet)
Stlth   +++          p - ring of magical power
HPRegen 1.04/turn    (no ring)
MPRegen 0.16/turn

%: guardian spirit
@: no status effects
A: fangs 2, regeneration 1, magic shield, antimagic bite, no potion heal 2
a: no special abilities


You were on level 4 of the Dungeon.
You visited 1 branch of the dungeon, and saw 4 of its levels.

You collected 208 gold pieces.

Inventory:

Hand Weapons
 a - a +1 dagger (weapon)
 d - a +0 short sword
 u - a +0 sling
 v - a +0 morningstar
Missiles
 o - 9 javelins
Armour
 b - a +0 robe
 e - a +0 cloak (worn)
 k - a +0 leather armour (worn)
 s - a +0 buckler (worn)
 w - a scarf of harm
Magical Staves
 y - a staff of air
 z - a staff of conjuration
Jewellery
 p - a ring of magical power (left hand)
Scrolls
 f - 2 scrolls of enchant armour {unknown}
 g - 5 scrolls of identify {unknown}
 h - 3 scrolls of revelation {unknown}
 m - a scroll of blinking {unknown}
 q - a scroll of vulnerability {unknown}
 t - a scroll of immolation {unknown}
 A - a scroll of noise {unknown}
Potions
 c - a potion of invisibility
 i - 2 potions of might {unknown}
 j - 2 potions of cancellation {unknown}
 l - a potion of attraction {unknown}
 n - a potion of lignification {unknown}
 r - a potion of brilliance {unknown}
 x - a potion of heal wounds {unknown}


   Skills:
 + Level 0.6 Fighting
 + Level 1.7 Short Blades
 + Level 1.0 Armour
 + Level 1.9 Dodging
 * Level 5.3 Stealth
 + Level 0.1 Shields
 * Level 2.8 Spellcasting
 * Level 4.1 Hexes


You had 3 spell levels left.
You knew the following spells:

 Your Spells              Type           Power      Damage    Failure   Level
a - Confusing Touch       Hex            16%        N/A       21%         3
b - Dazzling Flash        Conj/Hex       18%        N/A       43%         3

Your spell library contained the following spells:

 Spells                   Type           Power      Damage    Failure   Level
 Tukima's Dance           Hex            16%        N/A       21%         3
 Ensorcelled Hibernation  Hex/Ice        18%        N/A       24%         2
 Ozocubu's Armour         Ice            2%         N/A       73%         3
 Metabolic Englaciation   Hex/Ice        4%         N/A       99%         5
 Simulacrum               Ice/Necr       1%         N/A       100%        6


Dungeon Overview and Level Annotations

Branches:
Dungeon (4/15)
 Temple: D:4-7

Altars:
Qazlal
Trog
Zin


Innate Abilities, Weirdness & Mutations

You have extremely sharp teeth.
Your natural rate of healing is unusually fast.
When hurt, damage is shared between your health and your magic reserves.
Your bite disrupts and absorbs the magic of your enemies.
Potions cannot restore your health.


Message History

You hit the iguana. Your bite misses the iguana.
The iguana is moderately wounded.
The iguana closely misses you.
You hit the iguana but do no damage. Your bite misses the iguana.
The iguana is moderately wounded.
The iguana bites you!
* * * LOW HITPOINT WARNING * * *
You hit the iguana but do no damage. Your bite misses the iguana.
The iguana is moderately wounded.
The iguana bites you.
You closely miss the iguana. You bite the iguana. You drain its power.
You feel invigorated.
The iguana is heavily wounded.
The iguana bites you.
* * * LOW HITPOINT WARNING * * *
You hit the iguana.
The iguana is heavily wounded.
The iguana barely misses you.
You hit the iguana but do no damage.
The iguana is heavily wounded.
The iguana bites you.
* * * LOW HITPOINT WARNING * * *
You closely miss the iguana. Your bite misses the iguana.
The iguana is heavily wounded.
The iguana barely misses you.
You hit the iguana but do no damage. Your bite misses the iguana.
The iguana is heavily wounded.
The iguana bites you but does no damage.
You completely miss the iguana. You bite the iguana, but do no damage.
The iguana is heavily wounded.
The iguana bites you.
* * * LOW HITPOINT WARNING * * *
You barely miss the iguana. You bite the iguana, but do no damage.
The iguana is heavily wounded.
The iguana bites you.
* * * LOW HITPOINT WARNING * * *
You hit the iguana but do no damage. Your bite misses the iguana.
The iguana is heavily wounded.
The iguana bites you!
You die...

####++####........##
.##
.!.................#
#....)...........#.
#.......>.........
..................#
.................##
#.#....##........# .
#.#.. #....l...#...
.^...# ##...@.[..#
...#. #........#
#.#............##
............#
.............#
.......##..###
....... ### .......


You could see an iguana.

Vanquished Creatures
  A hound (D:4)
  An orc priest (D:3)
  3 adders (D:4)
  2 worms
  3 dart slugs
  8 orcs
  5 endoplasms
  4 giant cockroaches
  9 goblins
  13 hobgoblins
  3 jackals (D:1)
  9 kobolds
  5 quokkas (D:1)
  10 ball pythons
  4 bats
  5 frilled lizards
  4 rats
89 creatures vanquished.

Notes
Turn   | Place    | Note
-------+----------+-------------------------------------------
     0 | D:1      | bjtr the Vine Stalker Enchanter began the quest for the
                  | Orb.
     0 | D:1      | Reached XP level 1. HP: 9/9 MP: 4/4
    24 | D:1      | Reached skill level 1 in Short Blades
    68 | D:1      | Reached XP level 2. HP: 13/13 MP: 3/6
   247 | D:1      | Reached XP level 3. HP: 16/16 MP: 5/7
   347 | D:1      | Reached skill level 4 in Stealth
   854 | D:2      | Reached XP level 4. HP: 21/21 MP: 8/8
  1046 | D:2      | Learned a level 3 spell: Confusing Touch
  1050 | D:2      | Learned a level 3 spell: Dazzling Flash
  1174 | D:2      | Found a faded altar of an unknown god.
  1257 | D:2      | You fall into a shaft and drop 2 floors!
  1971 | D:3      | Found a stormy altar of Qazlal.
  2310 | D:3      | HP: 1/21 [something/magic dart (5)]
  2424 | D:3      | Reached skill level 5 in Stealth
  2430 | D:3      | Reached XP level 5. HP: 21/25 MP: 9/9
  2759 | D:4      | Found a bloodstained altar of Trog.
  2760 | D:4      | Found a glowing silver altar of Zin.
  2844 | D:4      | Reached skill level 1 in Armour
  2946 | D:4      | Mangled by an iguana

Illustrated notes

Levels and vault maps discovered:
D:1:      saegor_arrival_simple_b, layout_basic, chequers_jeans
D:2:      layout_basic, hellmonk_ecumenical_altar_inner_sanctum
D:3:      layout_basic, grunt_qazlal_sundering
D:4:      layout_cave_pools, mainiacjoe_overflow_divided_tiny,
          kennysheep_generic_room_7

Skill      XL: |  1  2  3  4  5 |
---------------+----------------+-----
Short Blades   | 1 |  1.7
Stealth        | 4 5 |  5.3
Hexes          | 4 |  4.1
Armour         | 1 |  1.0
Fighting       | |  0.6
Dodging        | |  1.9
Shields        | |  0.1
Spellcasting   | |  2.8

Action                     |  1- 3 |  4- 6 || total
---------------------------+-------+-------++-------
  Melee: Dagger            |   113 |   167 ||   280
         Bite              |    28 |    38 ||    66
         Punch             |     1 |       ||     1
    Use: Potion            |       |     1 ||     1
   Stab: Sleeping          |    11 |    11 ||    22
         Invisible         |       |     1 ||     1
 Armour: Robe              |    49 |    14 ||    63
         Leather armour    |       |    88 ||    88
  Dodge: Dodged            |    52 |    63 ||   115
  Block: Buckler           |       |    14 ||    14

Table legend: (Time is in decaauts)
 A = Elapsed time spent in this place.
 B = Non-inter-level travel time spent in this place.
 C = Inter-level travel time spent in this place.
 D = Time resting spent in this place.
 E = Time spent auto-exploring this place.
 F = Levels seen in this place.
 G = Mean time per level.
                   A        B        C        D        E       F      G
               +--------+--------+--------+--------+--------+-----+--------+
         Total |   2932 |   2873 |     59 |    223 |   1714 |   4 |  733.0 |
       Dungeon |   2932 |   2873 |     59 |    223 |   1714 |   4 |  733.0 |
               +--------+--------+--------+--------+--------+-----+--------+

Top non-repeatable levels by time:
     D:3: 1026 daAuts
     D:2: 925 daAuts
     D:1: 729 daAuts
     D:4: 250 daAuts
